[Event "XVI Memorial Lezcano Montalvo 2024"]
[Site "Gran Canaria"]
[Date "2024.03.30"]
[Round "8.26"]
[White "Parra Erazo, Santiago"]
[Black "Mukhi Talreja, Ishita Tina"]
[Result "0-1"]
[ECO "D02"]
[WhiteElo "1439"]
[BlackElo "1755"]
[Annotator "NA RC"]
[PlyCount "72"]
[EventDate "2024.03.23"]
[EventType "swiss"]
[EventCountry "ESP"]
[SourceTitle "playchess.com"]
[Source "ChessBase"]
[SourceQuality "1"]
[TimeControl "5400+30"]

1. d4 d5 2. Nf3 Nf6 3. Bf4 e6 4. e3 c5 5. c3 Bd6 6. Bg3 O-O 7. Bd3 Qc7 8. Bxd6 Qxd6 9. O-O Nbd7 10. Qe2 e5 11. Bb5 e4 12. Ng5 a6 13. Bxd7 Bxd7 14. Qc2 Ng4 15. f4 Nxe3 16. Qf2 Nxf1 17. Kxf1 cxd4 18. Qxd4 Qxf4+ 19. Nf3 Qc1+ 20. Ne1 Bb5+ 21. Kf2 Rae8 22. Qe3 Qxb2+ 23. Kg1 Qxa1 24. Na3 Bd3 25. h3 Qxa2 26. Qc1 Re6 27. Nec2 Rg6 28. g4 f5 29. Nb4 Qe2 30. Nxd3 exd3 31. c4 d2 32. Qc2 d1=Q+ 33. Qxd1 Qxd1+ 34. Kh2 fxg4 35. hxg4 Rh6+ 36. Kg2 Qxg4# 0-1

[Event "XVI Memorial Lezcano Montalvo 2024"]
[Site "Gran Canaria"]
[Date "2024.03.30"]
[Round "8.27"]
[White "Perez Garcia, Jimena"]
[Black "Rivero Reyes, Alejandro"]
[Result "1-0"]
[ECO "E73"]
[WhiteElo "1992"]
[BlackElo "1799"]
[Annotator "RC"]
[PlyCount "90"]
[EventDate "2024.03.23"]
[EventType "swiss"]
[EventCountry "ESP"]
[SourceTitle "playchess.com"]
[Source "ChessBase"]
[SourceQuality "1"]
[TimeControl "5400+30"]

1. d4 Nf6 2. c4 g6 3. Nc3 Bg7 4. e4 d6 5. Be2 O-O 6. Be3 c5 7. d5 e6 8. Nf3 exd5 9. cxd5 Bg4 10. O-O Bxf3 11. Bxf3 Re8 12. Bf4 Na6 13. Re1 Nc7 14. a4 Na6 15. Nb5 Bf8 16. Qd2 Nb4 17. Rad1 a6 18. Na3 Nd7 19. Nc4 Nb6 20. Nxb6 Qxb6 21. h4 Rad8 22. h5 Bg7 23. Bg5 Rb8 24. Bg4 Qc7 25. Rc1 a5 26. hxg6 hxg6 27. f4 c4 28. f5 f6 29. Bh4 g5 30. Bf2 Qd7 31. Rxc4 Qxa4 32. Bh5 Rec8 33. Rec1 Rxc4 34. Rxc4 Qa2 35. Qc1 Nd3 36. Rc8+ Kh7 37. Bg6+ Kh6 38. Qd1 Nf4 39. Rxb8 Qxb2 40. Bf7 Ne2+ 41. Kh1 Nf4 42. Qf3 Qc1+ 43. Kh2 Qf1 44. Be3 Qe1 45. Bxf4 Qh4+ 1-0

[Event "XVI Memorial Lezcano Montalvo 2024"]
[Site "Gran Canaria"]
[Date "2024.03.30"]
[Round "8.29"]
[White "Zhou, Lepu Coco"]
[Black "Bangiev, Katharina"]
[Result "1-0"]
[ECO "B38"]
[WhiteElo "1980"]
[BlackElo "1779"]
[Annotator "RC"]
[PlyCount "71"]
[EventDate "2024.03.23"]
[EventType "swiss"]
[EventCountry "ESP"]
[SourceTitle "playchess.com"]
[Source "ChessBase"]
[SourceQuality "1"]
[TimeControl "5400+30"]

1. e4 c5 2. Nf3 Nc6 3. d4 cxd4 4. Nxd4 g6 5. c4 Bg7 6. Be3 Nf6 7. Nc3 O-O 8. Be2 d6 9. O-O Bd7 10. h3 Nxd4 11. Bxd4 Bc6 12. Qc2 h5 13. Rad1 Nd7 14. Bxg7 Kxg7 15. b4 b6 16. Nd5 a5 17. Rd3 axb4 18. Rg3 Bxd5 19. cxd5 Nf6 20. Bb5 Ra3 21. Rxa3 bxa3 22. Bc6 Qb8 23. Rb1 Qa7 24. Qc3 Kh7 25. Qe3 Rb8 26. Rb3 Nd7 27. Rxa3 Qc7 28. f4 Nc5 29. f5 b5 30. Qf4 Kg7 31. fxg6 fxg6 32. Rf3 Qa7 33. Kh2 Rg8 34. Bxb5 Qc7 35. Be8 Qd8 36. Bxg6 1-0

[Event "XVI Memorial Lezcano Montalvo 2024"]
[Site "Gran Canaria"]
[Date "2024.03.30"]
[Round "8.30"]
[White "Camino Carrio, Nicanor"]
[Black "Juan Miguel, Javier"]
[Result "1-0"]
[ECO "B01"]
[WhiteElo "1962"]
[BlackElo "1597"]
[Annotator "NA RC"]
[PlyCount "67"]
[EventDate "2024.03.23"]
[EventType "swiss"]
[EventCountry "ESP"]
[SourceTitle "playchess.com"]
[Source "ChessBase"]
[SourceQuality "1"]
[TimeControl "5400+30"]

1. e4 d5 2. exd5 Qxd5 3. Nc3 Qd6 4. d4 Nf6 5. Nf3 a6 6. Ne5 b5 7. Bd3 Bb7 8. O-O Nbd7 9. Re1 c5 10. Nxd7 Nxd7 11. Be4 Bxe4 12. Nxe4 Qxd4 13. Qxd4 cxd4 14. Nd6+ Kd8 15. Nxf7+ Ke8 16. Nxh8 g6 17. Bg5 e5 18. f4 Bg7 19. Nxg6 hxg6 20. fxe5 Ra7 21. Re2 Nc5 22. e6 d3 23. cxd3 Bd4+ 24. Be3 Bxe3+ 25. Rxe3 Re7 26. d4 Nb7 27. Rc1 Nd6 28. Rc6 Nb7 29. Rc8+ Nd8 30. d5 Rh7 31. d6 Rh4 32. e7 Rc4 33. exd8=Q+ Kf7 34. Qe7# 1-0

[Event "XVI Memorial Lezcano Montalvo 2024"]
[Site "Gran Canaria"]
[Date "2024.03.30"]
[Round "8.31"]
[White "Cabrera Ramos, Javier"]
[Black "Gonzalez Martinez, Miguel Angel"]
[Result "1/2-1/2"]
[ECO "A45"]
[WhiteElo "1784"]
[BlackElo "2158"]
[Annotator "RC"]
[PlyCount "110"]
[EventDate "2024.03.23"]
[EventType "swiss"]
[EventCountry "ESP"]
[SourceTitle "playchess.com"]
[Source "ChessBase"]
[SourceQuality "1"]
[TimeControl "5400+30"]

1. d4 Nf6 2. Bg5 Ne4 3. h4 d5 4. Nd2 Qd6 5. Nxe4 dxe4 6. Qd2 Nc6 7. O-O-O Qd5 8. Kb1 Bf5 9. f3 O-O-O 10. g4 Be6 11. b3 Qxd4 12. Qxd4 Rxd4 13. Rxd4 Nxd4 14. Be3 Nc6 15. Nh3 f6 16. Nf2 exf3 17. exf3 Bd5 18. Rh3 e5 19. Bd3 Bd6 20. Bf5+ Kb8 21. h5 h6 22. c3 Rd8 23. Ne4 Ne7 24. Nxd6 cxd6 25. Bd3 b6 26. Kc2 Bb7 27. Kd2 Rc8 28. c4 d5 29. Ke2 Rd8 30. Rh1 Nc8 31. Rc1 dxc4 32. bxc4 Bxf3+ 33. Kxf3 Rxd3 34. Ke4 Ra3 35. c5 b5 36. c6 Kc7 37. Bc5 Ra4+ 38. Kf3 Rxa2 39. Bf8 a5 40. Bxg7 Nd6 41. Bxf6 Nf7 42. Ke4 b4 43. Kf5 b3 44. Kg6 Rc2 45. Rb1 a4 46. Kxf7 Kd6 47. g5 hxg5 48. Rd1+ Kxc6 49. Bxe5 b2 50. Rb1 a3 51. h6 Rf2+ 52. Kg7 a2 53. Rxb2 a1=Q 54. Rb6+ Kxb6 55. Bxa1 Kc5 1/2-1/2

[Event "XVI Memorial Lezcano Montalvo 2024"]
[Site "Gran Canaria"]
[Date "2024.03.30"]
[Round "8.32"]
[White "Blanco Garcia Bajo, David"]
[Black "Perez Betancor, Jose Luis"]
[Result "1-0"]
[ECO "B00"]
[WhiteElo "2004"]
[BlackElo "1765"]
[Annotator "NA RC"]
[PlyCount "39"]
[EventDate "2024.03.23"]
[EventType "swiss"]
[EventCountry "ESP"]
[SourceTitle "playchess.com"]
[Source "ChessBase"]
[SourceQuality "1"]
[TimeControl "5400+30"]

1. e4 b6 2. d4 Bb7 3. Bd3 e6 4. Nf3 c5 5. c3 Nf6 6. Qe2 d5 7. e5 Nfd7 8. Na3 c4 9. Bb1 a6 10. Ng5 Be7 11. h4 Nc6 12. Bxh7 Nf8 13. Bb1 Qd7 14. Qg4 Bxa3 15. bxa3 O-O-O 16. Qf3 Ng6 17. Qxf7 Nxh4 18. Kf1 Nxe5 19. Qxd7+ Nxd7 20. Nf7 1-0

[Event "XVI Memorial Lezcano Montalvo 2024"]
[Site "Gran Canaria"]
[Date "2024.03.30"]
[Round "8.33"]
[White "Ascension Suarez, Joel"]
[Black "Arnaiz Yanes, Miguel Angel"]
[Result "0-1"]
[ECO "D35"]
[WhiteElo "1731"]
[BlackElo "1947"]
[Annotator "NA RC"]
[PlyCount "76"]
[EventDate "2024.03.23"]
[EventType "swiss"]
[EventCountry "ESP"]
[SourceTitle "playchess.com"]
[Source "ChessBase"]
[SourceQuality "1"]
[TimeControl "5400+30"]

1. d4 Nf6 2. Nf3 d5 3. g3 e6 4. c4 c6 5. Bg2 Bd6 6. cxd5 exd5 7. Nc3 O-O 8. O-O Re8 9. h3 Na6 10. a3 Nc7 11. Re1 h6 12. Qc2 Be6 13. Be3 Qd7 14. Kh2 Bf5 15. Qd2 Re7 16. Bf4 Rae8 17. Ne5 Bxe5 18. Bxe5 Nh7 19. e4 dxe4 20. Nxe4 Rxe5 21. dxe5 Qe7 22. Nd6 Qd7 23. Qf4 Bg6 24. Nxe8 Qxe8 25. Qb4 Qc8 26. Rad1 Ng5 27. f4 Nge6 28. g4 Na6 29. Qe7 Bc2 30. Rd2 Bb3 31. f5 Qc7 32. fxe6 Qxe7 33. exf7+ Bxf7 34. e6 Bxe6 35. Rde2 Qc7+ 36. Kg1 Bd5 37. Re8+ Kh7 38. Bf1 Qg3+ 0-1

[Event "XVI Memorial Lezcano Montalvo 2024"]
[Site "Gran Canaria"]
[Date "2024.03.30"]
[Round "8.34"]
[White "Mesa Rodriguez, Antonio"]
[Black "Sanchez Gonzalez, Diego"]
[Result "1-0"]
[ECO "B99"]
[WhiteElo "1697"]
[BlackElo "1908"]
[Annotator "TA"]
[PlyCount "49"]
[EventDate "2024.03.23"]
[EventType "swiss"]
[EventCountry "ESP"]
[SourceTitle "playchess.com"]
[Source "ChessBase"]
[SourceQuality "1"]
[TimeControl "5400+30"]

1. e4 c5 2. Nf3 d6 3. d4 cxd4 4. Nxd4 Nf6 5. Nc3 a6 6. Bg5 e6 7. f4 Be7 8. Qf3 Qc7 9. O-O-O Nbd7 10. g4 b5 11. Bxf6 Nxf6 12. g5 Nd7 13. f5 O-O {[%emt 0:01:13] [#] ...b4 would now be deadly.} 14. Rg1 {[%emt 0:00:50] And now f6 would win.} b4 $1 15. Nce2 {[%emt 0:22:13][%cal Bc3e2,Be2d4,Bd4f5][%mdl 32] Hoping for f6.} e5 $1 {[%emt 0:03:20] White has an edge.} 16. f6 $1 exd4 17. fxe7 Re8 18. Nxd4 Ne5 19. Qg3 (19. Qf4 $14) 19... Bb7 $11 20. Bg2 ({Reject} 20. Nf5 Bxe4 21. Qf2 (21. Nh6+ $2 gxh6 22. gxh6+ Ng6 $19) 21... Bxf5 22. Qxf5 Rxe7 $15 (22... Qxe7 23. Kb1 $15)) 20... Rxe7 (20... g6 $11) 21. Nf5 $40 {[%emt 0:03:01][%csl LRd6,LRe7][%mdl 128] Black needs to defend precisely.} Rd7 22. Rd2 Qc5 23. Qe3 Qc7 (23... g6 $11 24. Rgd1 gxf5 (24... Rad8 25. Nh6+ Kf8 26. Qf4 $14) 25. Qxc5 dxc5 26. Rxd7 Nxd7 27. Rxd7 Bxe4 28. Bxe4 fxe4) 24. Qd4 {[%emt 0:00:31][%csl LRb4,LRd6] White is more active.} Nc4 $2 {[%emt 0:01:03][%mdl 8192] [#]} (24... Qc5 $14) 25. Qxg7# {[%emt 0:00:43] Weighted Error Value: White=0.16 (very precise) /Black=0.53.  Loses game:     	---       	Black=1      Mistake:       	White=1     	Black=2      Inaccurate:     	White=2     	---        OK:         	White=3     	Black=3      Best:        	White=4     	Black=1      Strong:       	White=1     	Black=2} 1-0

[Event "XVI Memorial Lezcano Montalvo 2024"]
[Site "Gran Canaria"]
[Date "2024.03.30"]
[Round "8.35"]
[White "Quiceno Ramirez, Edwin Alejandro"]
[Black "Julien Casteleiro, Ariel"]
[Result "1-0"]
[ECO "D15"]
[WhiteElo "1888"]
[BlackElo "1739"]
[Annotator "NA RC COMBH"]
[PlyCount "93"]
[EventDate "2024.03.23"]
[EventType "swiss"]
[EventCountry "ESP"]
[SourceTitle "playchess.com"]
[Source "ChessBase"]
[SourceQuality "1"]
[TimeControl "5400+30"]

1. d4 d5 2. c4 c6 3. Nf3 Nf6 4. Nc3 a6 5. a4 e6 6. Qb3 Be7 7. h3 O-O 8. Bf4 a5 9. e3 Na6 10. c5 Re8 11. Be2 Nd7 12. O-O Bf6 13. Bxa6 Rxa6 14. e4 g6 15. exd5 exd5 16. Rfe1 b6 17. Rxe8+ Qxe8 18. Re1 Qd8 19. Bd6 Nf8 20. Ne5 Bb7 21. Re3 Ne6 22. Ne2 Ba8 23. Qd3 Ra7 24. Ng4 Bg7 25. cxb6 Qxb6 26. Rxe6 fxe6 27. Bc5 Qa6 28. Qe3 Kf7 29. Bxa7 Qxa7 30. Nf4 Qe7 31. Nd3 Bb7 32. Nc5 Bc8 33. Ne5+ Bxe5 34. Qxe5 Kg8 35. g4 h6 36. Kg2 Bd7 37. Qc7 e5 38. Qxd7 Qxd7 39. Nxd7 exd4 40. f4 Kf7 41. Ne5+ Ke6 42. Nxc6 d3 43. Kf3 Kd6 44. Nxa5 Kc5 45. Ke3 Kb4 46. Kxd3 Kxa5 47. f5 1-0

[Event "XVI Memorial Lezcano Montalvo 2024"]
[Site "Gran Canaria"]
[Date "2024.03.30"]
[Round "8.36"]
[White "Broeder, Hans-Gert"]
[Black "Delgado Armas, Francisco David"]
[Result "1-0"]
[ECO "B22"]
[WhiteElo "1860"]
[BlackElo "1726"]
[Annotator "NA RC COMBH"]
[PlyCount "83"]
[EventDate "2024.03.23"]
[EventType "swiss"]
[EventCountry "ESP"]
[SourceTitle "playchess.com"]
[Source "ChessBase"]
[SourceQuality "1"]
[TimeControl "5400+30"]

1. e4 c5 2. c3 e5 3. Nf3 Nc6 4. Bc4 Qf6 5. d3 h6 6. a4 a5 7. Na3 Bd6 8. Be3 b6 9. Qb3 Nge7 10. Nb5 Bb8 11. O-O-O O-O 12. Kb1 d6 13. Nd2 Rd8 14. Rdf1 Be6 15. f4 Bxc4 16. Nxc4 exf4 17. Nxb6 Ra6 18. Rxf4 Qe6 19. Nd5 Nxd5 20. Qxd5 Qxd5 21. exd5 Re8 22. dxc6 Rxc6 23. Re4 Rec8 24. c4 Rd8 25. Nc3 Bc7 26. Nd5 Rd7 27. Ne7+ Rxe7 28. Rxe7 Bb6 29. Rf1 f6 30. Rb7 Kh7 31. Bf4 Kg6 32. g4 Bd8 33. Rd7 Bc7 34. Re1 Bb8 35. Rb7 Rc8 36. Ree7 Rg8 37. Bd2 f5 38. gxf5+ Kxf5 39. Rxg7 Re8 40. Rbf7+ Ke6 41. Bc3 d5 42. Rf6# 1-0

[Event "XVI Memorial Lezcano Montalvo 2024"]
[Site "Gran Canaria"]
[Date "2024.03.30"]
[Round "8.37"]
[White "Leandro Tejera, Damian"]
[Black "Garcia Rodriguez, Adriana"]
[Result "0-1"]
[ECO "D05"]
[WhiteElo "1483"]
[BlackElo "1854"]
[Annotator "NA RC COMBH"]
[PlyCount "122"]
[EventDate "2024.03.23"]
[EventType "swiss"]
[EventCountry "ESP"]
[SourceTitle "playchess.com"]
[Source "ChessBase"]
[SourceQuality "1"]
[TimeControl "5400+30"]

1. d4 d5 2. Nf3 Nf6 3. e3 e6 4. Bd3 c5 5. b3 Nc6 6. Bb2 cxd4 7. exd4 Be7 8. O-O O-O 9. Ne5 Nb4 10. Be2 Qc7 11. Nc3 a6 12. a3 Nc6 13. f4 Nxd4 14. Nxd5 Nxe2+ 15. Qxe2 Nxd5 16. Rac1 Bf6 17. c4 Ne7 18. Kh1 Nc6 19. Ng4 Bxb2 20. Qxb2 f6 21. Ne3 Bd7 22. b4 Ne7 23. c5 Ng6 24. f5 exf5 25. Qb3+ Kh8 26. Nxf5 Bxf5 27. Rxf5 Qd7 28. Rff1 Rad8 29. h3 Qd5 30. Qxd5 Rxd5 31. Rf3 Ne5 32. Re3 Rfd8 33. Kg1 Rd1+ 34. Rxd1 Rxd1+ 35. Kf2 Kg8 36. b5 axb5 37. Rb3 Nd3+ 38. Ke2 Nc1+ 39. Kxd1 Nxb3 40. Kc2 Nxc5 41. Kc3 Na6 42. Kd4 Kf7 43. Kd5 Ke7 44. g4 Kd7 45. h4 b4 46. axb4 Nxb4+ 47. Kc4 Nc6 48. h5 Ne5+ 49. Kb5 Nxg4 50. h6 g5 51. Kb6 f5 52. Kb5 f4 53. Kb6 f3 54. Kb5 f2 55. Kb6 f1=Q 56. Ka7 Qa6+ 57. Kb8 Ke7 58. Kc8 Qc6+ 59. Kb8 Kd7 60. Ka7 Kc7 61. Ka8 Qa6# 0-1

[Event "XVI Memorial Lezcano Montalvo 2024"]
[Site "Gran Canaria"]
[Date "2024.03.30"]
[Round "8.39"]
[White "Sanchez Arencibia, Heriberto"]
[Black "Ramirez Maillo, Juan Adonay"]
[Result "0-1"]
[ECO "A48"]
[WhiteElo "1636"]
[BlackElo "1918"]
[Annotator "NA RC"]
[PlyCount "42"]
[EventDate "2024.03.23"]
[EventType "swiss"]
[EventCountry "ESP"]
[SourceTitle "playchess.com"]
[Source "ChessBase"]
[SourceQuality "1"]
[TimeControl "5400+30"]

1. d4 Nf6 2. Nf3 g6 3. Bf4 Bg7 4. e3 d6 5. h3 O-O 6. Be2 Nbd7 7. O-O Re8 8. c4 Nh5 9. Bh2 e5 10. Nc3 e4 11. Nd2 Nhf6 12. c5 dxc5 13. Nb5 Nd5 14. Qb3 N7f6 15. Rac1 a6 16. Rxc5 axb5 17. Bxb5 c6 18. Bc4 Bf8 19. Bxd5 Nxd5 20. Rc2 Nb4 21. Rc3 Be6 0-1

[Event "XVI Memorial Lezcano Montalvo 2024"]
[Site "Gran Canaria"]
[Date "2024.03.30"]
[Round "8.40"]
[White "Perez Celis, Alba"]
[Black "Garcia Almeida, Valeria"]
[Result "1-0"]
[ECO "B31"]
[WhiteElo "1854"]
[BlackElo "1682"]
[Annotator "NA RC COMBH"]
[PlyCount "83"]
[EventDate "2024.03.23"]
[EventType "swiss"]
[EventCountry "ESP"]
[SourceTitle "playchess.com"]
[Source "ChessBase"]
[SourceQuality "1"]
[TimeControl "5400+30"]

1. e4 c5 2. Nf3 Nc6 3. Bb5 g6 4. O-O Bg7 5. Re1 e5 6. Bxc6 bxc6 7. c3 Ne7 8. d4 cxd4 9. cxd4 exd4 10. Nxd4 O-O 11. Nc3 Qb6 12. Nb3 Bxc3 13. bxc3 Qc7 14. Bh6 f6 15. Bxf8 Kxf8 16. Qd4 Qe5 17. Qe3 Kg7 18. f4 Qc7 19. Kh1 Ng8 20. Rad1 Rb8 21. e5 Rb5 22. exf6+ Kxf6 23. Qd4+ Kf7 24. Nc5 d5 25. Re5 Qb6 26. Nb3 Qxd4 27. Nxd4 Rc5 28. Rd3 Nf6 29. Nb3 Rc4 30. Nd2 Rxf4 31. Rf3 Ra4 32. h3 Rxa2 33. Nb3 Bf5 34. Nc5 Ra5 35. Nb7 Ra1+ 36. Kh2 Nd7 37. Nd6+ Kg7 38. Nxf5+ gxf5 39. Re7+ Kg6 40. Rxd7 Ra6 41. Rd6+ Kg5 42. Kg3 1-0

[Event "XVI Memorial Lezcano Montalvo 2024"]
[Site "Gran Canaria"]
[Date "2024.03.30"]
[Round "8.41"]
[White "Martinez Correa, Rafael"]
[Black "Grube, Kurt"]
[Result "1/2-1/2"]
[ECO "B50"]
[WhiteElo "1597"]
[BlackElo "1773"]
[Annotator "NA RC"]
[PlyCount "102"]
[EventDate "2024.03.23"]
[EventType "swiss"]
[EventCountry "ESP"]
[SourceTitle "playchess.com"]
[Source "ChessBase"]
[SourceQuality "1"]
[TimeControl "5400+30"]

1. e4 c5 2. Nf3 Nc6 3. Be2 d6 4. c3 Nf6 5. d4 cxd4 6. cxd4 e6 7. Nc3 Be7 8. O-O O-O 9. h3 a6 10. a4 h6 11. Be3 Re8 12. Qd2 Bf8 13. Rfd1 Qc7 14. Rac1 Qe7 15. Bf1 Bd7 16. e5 Nh7 17. Ne4 d5 18. Nd6 Reb8 19. Bd3 f5 20. Qc2 Nb4 21. Qb3 Nxd3 22. Rxd3 Bc6 23. Bd2 Qd7 24. Bb4 Bxa4 25. Qa3 Bc6 26. Qb3 Ba4 27. Qc3 Bxd6 28. Bxd6 Rc8 29. Qd2 Rxc1+ 30. Qxc1 Rc8 31. Rc3 Bc6 32. Qc2 g5 33. Qd1 Nf6 34. exf6 Qxd6 35. Ne5 Rf8 36. f7+ Rxf7 37. Nxf7 Kxf7 38. Qh5+ Kg7 39. h4 g4 40. f3 Qe7 41. Rxc6 bxc6 42. fxg4 fxg4 43. Qxg4+ Kh7 44. Qg3 Qg7 45. Qd3+ Kh8 46. Qe3 Qf6 47. g3 Kg7 48. Kh2 Qg6 49. Qe5+ Qf6 50. Qe3 Qg6 51. Qe5+ Qf6 1/2-1/2

[Event "XVI Memorial Lezcano Montalvo 2024"]
[Site "Gran Canaria"]
[Date "2024.03.30"]
[Round "8.42"]
[White "Lorenzo Merino, Hector"]
[Black "Lorenzo Ventura, Abel"]
[Result "1-0"]
[ECO "D11"]
[WhiteElo "1586"]
[BlackElo "1772"]
[Annotator "NA RC COMBH"]
[PlyCount "93"]
[EventDate "2024.03.23"]
[EventType "swiss"]
[EventCountry "ESP"]
[SourceTitle "playchess.com"]
[Source "ChessBase"]
[SourceQuality "1"]
[TimeControl "5400+30"]

1. d4 Nf6 2. e3 d5 3. Nf3 Bg4 4. c4 c6 5. Qb3 Qb6 6. Nbd2 e6 7. Ne5 Bf5 8. Be2 h6 9. O-O Nbd7 10. Ndf3 Be7 11. Qd1 O-O 12. b3 a5 13. c5 Qc7 14. Bd2 Nxe5 15. Nxe5 Nd7 16. Nxd7 Qxd7 17. h3 Bd8 18. Bg4 Bh7 19. Bc3 Bc7 20. Rc1 Qe7 21. f4 f6 22. Qd2 a4 23. b4 e5 24. Rfe1 Bg6 25. Be2 exf4 26. exf4 Qd7 27. Bg4 Bf5 28. Bf3 Rfe8 29. g4 Be4 30. Bd1 Re7 31. Qf2 Ree8 32. f5 Bb8 33. Bd2 Qc7 34. Rc3 b5 35. cxb6 Qxb6 36. Ra3 Bd6 37. Rxa4 Rxa4 38. Bxa4 Ra8 39. Bb3 Bxb4 40. Bxb4 Qxb4 41. Rxe4 Kh7 42. Re6 Qc3 43. Kg2 Rc8 44. Re2 Qb4 45. Rc2 Re8 46. Qd2 Qb5 47. Qf2 1-0

[Event "XVI Memorial Lezcano Montalvo 2024"]
[Site "Gran Canaria"]
[Date "2024.03.31"]
[Round "9.1"]
[White "Tutisani, Noe"]
[Black "Larino Nieto, David"]
[Result "1-0"]
[ECO "B07"]
[WhiteElo "2405"]
[BlackElo "2365"]
[Annotator "TA"]
[PlyCount "83"]
[EventDate "2024.03.23"]
[EventType "swiss"]
[EventCountry "ESP"]
[SourceTitle "playchess.com"]
[Source "ChessBase"]
[SourceQuality "1"]
[TimeControl "5400+30"]

1. e4 d6 2. d4 Nf6 3. Nc3 e6 4. Be3 Be7 5. Qf3 $146 ({Predecessor:} 5. f3 a6 6. Qd2 b5 7. O-O-O b4 8. Nce2 d5 9. e5 Nfd7 10. f4 c5 11. dxc5 Nxc5 {0-1 Aalto,P (2251)-Keinanen,T (2501) FIN-ch Helsinki 2023 (7)}) 5... Nc6 6. h3 {[%emt 0:01:04] B07: Pirc Defence: Miscellaneous Systems.} O-O 7. O-O-O d5 8. e5 Nd7 9. Qh5 a6 10. Nf3 f6 11. Bd3 f5 12. g4 g6 13. Qh6 Nb4 14. Be2 c5 15. h4 f4 16. Bxf4 cxd4 {[%emt 0:01:44] [#]} 17. h5 (17. Nxd4 $142 $1 Rf7 (17... Nc5 18. Nf3) 18. Bg3 (18. Nxe6 Qb6 $18)) 17... g5 $18 18. Nxg5 $1 (18. Bxg5 dxc3 19. Kb1 (19. Qxe6+ Rf7 $17) (19. bxc3 $2 Nxa2+ 20. Kd2 Nc5 $19) 19... Nc5 $19 (19... Rxf3 20. Bxe7 Qxe7 21. Bxf3 $17)) (18. Qxe6+ Kh8 19. Rxd4 (19. Nxd5 $2 Nxd5 20. Qxd5 Rxf4 $19) 19... Rxf4 20. Rxf4 (20. Nxd5 $2 Nxd5 21. Qxd5 Qf8 $19) 20... gxf4 $17) (18. Rxd4 Rxf4 19. Rxf4 (19. Qxe6+ Kh8 $15) 19... gxf4 $11) 18... Bxg5 19. Bxg5 Qb6 20. Na4 (20. Be3 $18 dxe3 21. g5 (21. fxe3 Qc5 $14)) 20... Qc6 $14 {[%emt 0:04:58] [#]} 21. Bd3 (21. Rd2 $1 $14 Rf7 22. Kb1 Qxa4 23. a3 (23. Rxd4 $2 Qxa2+ 24. Kc1 Qa1+ 25. Kd2 Qxb2 $19)) 21... Nxd3+ $11 22. Rxd3 Nxe5 23. Rxd4 Nf7 $1 24. Qf6 e5 $2 ({Black should play} 24... Nd6 $1 $11 25. Qh6 Nf7) 25. Rb4 $16 Bd7 26. Nb6 a5 27. Rb3 d4 28. Re1 (28. Rg1 $16 Ra6 29. Qxc6 Bxc6 30. Bf6) 28... Nd6 $1 $11 29. Qxe5 Rae8 30. Be7 (30. Qxa5 $2 Rxe1+ (30... d3 $2 31. Rxd3 Rxf2 32. Rxe8+ Nxe8 33. Bd2 $18) 31. Qxe1 Rxf2 $19) 30... Rxf2 31. Qd5+ $1 (31. Qxd6 $2 Qxc2#) (31. Qg5+ Kf7 32. c3 d3 33. Nxd7 Nc4 $19 (33... d2+ $2 34. Qxd2 Rxd2 35. Ne5+ Kxe7 36. Nxc6+ Kd7 37. Kxd2 $18) (33... d2+ $2 34. Qxd2 Rxd2 35. Ne5+ Kg8 36. Nxc6 $18)) 31... Nf7 32. c4 (32. Qxd7 $2 Qxc2#) 32... Qf6 $2 (32... dxc3 $11 33. Qxc6 (33. Qxd7 $2 cxb2+ 34. Kd1 Qc2#) (33. bxc3 Bxg4 34. Qxc6 bxc6 $11) 33... Bxc6) 33. Qxd7 $18 (33. Nxd7 $2 Qf4+ 34. Kb1 Rxe7 $19) 33... Rxe7 34. Qxe7 (34. Rxe7 Rf1+ 35. Kc2 Qf2+ 36. Kd3 Rd1+ 37. Ke4 Qg2+ 38. Rf3 Re1+ 39. Kd5 (39. Kxd4 $2 Qxb2+ 40. Kd3 Rd1+ 41. Ke4 Ng5+ 42. Kf4 Rxd7 $19) 39... Qxf3+ 40. Kc5 Rxe7 41. Qxe7 Qc6+ (41... Qxg4 42. Qe8+ Kg7 43. h6+ Nxh6 44. Qe5+ Kg6 45. Nd5 $11) 42. Kxd4 Qxb6+ 43. Kc3 Qc6 $19) 34... d3 35. Qe8+ (35. Qxb7 {leads to mate.} d2+ 36. Kd1 dxe1=Q+ (36... dxe1=B 37. Qa8+ Kg7 38. Qf8+ Kxf8 39. Nd7+ Kg7 40. Nxf6 $17) 37. Kxe1 Rf1+ (37... Rxb2 38. Qa8+ Kg7 39. Rxb2 $14) 38. Kd2 Qf2+ 39. Kc3 Qe3+ 40. Kc2 Rc1#) 35... Kg7 36. Kb1 Ne5 37. h6+ Kxh6 38. Nd5 (38. Qxe5 $2 {too greedy.} Qxe5 39. Rh1+ Kg6 $19) 38... Rf1 39. Qh5+ (39. Rxb7 $2 Rxe1#) 39... Kg7 40. Rxb7+ Kf8 41. Rb8+ (41. Qxh7 $2 Rxe1#) 41... Kg7 42. Rg8+ (42. Nxf6 $2 Rxe1#) 1-0

[Event "XVI Memorial Lezcano Montalvo 2024"]
[Site "Gran Canaria"]
[Date "2024.03.31"]
[Round "9.2"]
[White "Dvirnyy, Danyyil"]
[Black "Perez Guerra, Raul"]
[Result "1-0"]
[ECO "D37"]
[WhiteElo "2482"]
[BlackElo "2250"]
[Annotator "TA"]
[PlyCount "61"]
[EventDate "2024.03.23"]
[EventType "swiss"]
[EventCountry "ESP"]
[SourceTitle "playchess.com"]
[Source "ChessBase"]
[SourceQuality "1"]
[TimeControl "5400+30"]

1. Nf3 Nf6 2. c4 e6 3. Nc3 d5 4. d4 Be7 5. Bf4 O-O 6. e3 b6 7. cxd5 Nxd5 8. Nxd5 exd5 9. Bd3 c5 10. Ne5 cxd4 11. exd4 Bb4+ 12. Kf1 {[%emt 0:00:32] White has an edge.} Qf6 13. Bg3 $40 {[%emt 0:11:13][%cal Bf4g3,Bg3d6,Bd6e5][%mdl 160] White has some attack.} Bd6 14. Qc2 h6 15. Rc1 {[%emt 0:04:48][%cal Ba1c1,Bc1c8,Bc8c7][%mdl 32] [#] Black must now prevent Qxc8.} Be6 16. Ng6 {[%emt 0:03:15] Dodges Nd7. Hoping for Be5.} fxg6 (16... Rc8 17. Qxc8+ Bxc8 18. Rxc8+) 17. Bxd6 Rc8 18. Qxc8+ Bxc8 19. Rxc8+ Kh7 20. Be5 {[%emt 0:00:19] Some like it hot} (20. Bxb8 $2 Qxd4 21. Be2 Qe4 $19) 20... Qg5 {[%emt 0:00:32][%mdl 8192] Black is weak on the dark squares} (20... Qe6 $11 {and Black has nothing to worry.} 21. Rf8 (21. Rxb8 Rxb8 22. Bxb8 Qc8 $15) 21... Nd7 22. Rxa8 Qc6) 21. Rc7 $18 (21. Rxb8 $2 Qd2 (21... Rxb8 $2 22. f4 $19) 22. Bxg6+ Kxg6 $19) 21... Kg8 22. g3 (22. Rxg7+ Kf8) 22... Qd2 $2 (22... Qg4 23. Rxg7+ (23. Bxg7 $2 Qf3 $19) 23... Kf8) 23. Bxg6 {[%emt 0:01:59][%cal Rc7c8,Bd3g6,Bg6f7,Bf7d5,Bd5e4][%mdl 32] [#]} Nc6 24. Bf7+ {[%emt 0:02:48] This pair of bishops is nice.} Kh8 25. Rxc6 Rf8 26. Rc7 (26. Bxd5 $2 Qxf2#) 26... Qd3+ 27. Kg2 Kh7 28. Re1 ({Not} 28. Rxa7 Qe4+ 29. f3 Qc2+ 30. Kh3 (30. Kf1 Qd3+ 31. Kg2 Qc2+ 32. Kf1 Qd3+ 33. Kg2 Qc2+ $11) 30... Qf5+ 31. Kg2 Qc2+ (31... Rxf7 32. Rxf7 Qxf7 33. Rc1 $16) 32. Kf1 Qd1+ 33. Kg2 Qc2+ $11) 28... h5 29. Bxd5 {[%emt 0:03:13] White mates.} ({Less strong is} 29. Rxa7 Qf5 $16) 29... Qd2 30. Be4+ Kh6 31. Rc6+ {[%emt 0:00:37] Weighted Error Value: White=0.02 (flawless) /Black=0.66.  Loses game:     	---       	Black=1      Mistake:       	---       	Black=1      OK:         	White=5     	Black=7      Best:        	White=1     	Black=1} 1-0